 Dungeon Crawl Stone Soup version 0.23-a0-335-gba3dfdf (webtiles) character file.

1897 Garbasso the Thaumaturge (level 9, -1/65 HPs)
             Began as a Gnoll Wizard on Oct 17, 2018.
             Was an Initiate of Ru.
             Shot with a bolt by an orc warrior (26 damage)
             ... in a bailey.
             The game lasted 00:41:48 (7121 turns).

Garbasso the Thaumaturge (Gnoll Wizard)             Turns: 7121, Time: 00:41:49

Health: -1/65      AC:  7    Str: 13    XL:     9   Next: 15%
Magic:  15/21      EV: 15    Int: 23    God:    Ru [......]
Gold:   394        SH:  0    Dex: 14    Spells: 13/24 levels left

rFire    . . .     SeeInvis .   C - +5 morningstar (protect)
rCold    . . .     Gourm    +   (no shield)
rNeg     . . .     Faith    .   w - +3 robe of Servitude {Str+3}
rPois    .         Spirit   .   b - +0 hat
rElec    .         Reflect  .   H - +0 cloak
rCorr    .         Harm     .   (no gloves)
MR       +....                  F - +0 pair of boots
Stlth    +++.......             y - amulet of the gourmand
HPRegen  0.20/turn              o - ring of wizardry
MPRegen  0.17/turn              B - ring of protection from magic

@: no status effects
A: distributed training, fangs 1, strong nose
a: Sacrifice Courage, Sacrifice Skill, Sacrifice Health, Reject Sacrifices,
Renounce Religion


You were in a bailey.
You worshipped Ru.
Ru was noncommittal.
You were not hungry.

You visited 2 branches of the dungeon, and saw 8 of its levels.
You also visited: Sewer and Bailey.

You collected 394 gold pieces.

Inventory:

Hand Weapons
 h - a +0 spear
 C - a +5 morningstar of protection (weapon)
Armour
 b - a +0 hat (worn)
 w - the +3 robe of Servitude (worn) {Str+3}
   (You found it on level 4 of the Dungeon)

   It affects your strength (+3).
 F - a +0 pair of boots (worn)
 H - a +0 cloak (worn)
Jewellery
 o - a ring of wizardry (left hand)
 r - an uncursed amulet of regeneration {unknown}
 y - an amulet of the gourmand (around neck)
 A - an uncursed amulet of harm {unknown}
 B - a ring of protection from magic (right hand)
Wands
 s - a wand of iceblast (5)
Scrolls
 k - a scroll of noise {unknown}
 m - a scroll of blinking {unknown}
 n - a scroll of magic mapping
 p - 2 scrolls of remove curse
 q - a scroll of fog {unknown}
 u - 2 scrolls of immolation {unknown}
 v - a scroll of teleportation {unknown}
 z - a scroll of fear {unknown}
Potions
 c - a potion of degeneration
 e - 4 potions of lignification
 g - a potion of magic {unknown}
 i - 2 potions of invisibility
 j - 2 potions of curing
 l - a potion of might
 t - a potion of haste {unknown}
 x - a potion of brilliance {unknown}
 D - a potion of heal wounds {unknown}
 G - a potion of cancellation {unknown}
Comestibles
 d - 10 rations


   Skills:
 + Level 3.9 Fighting
 + Level 3.9 Short Blades
 + Level 3.9 Long Blades
 + Level 3.9 Axes
 + Level 3.9 Maces & Flails
 + Level 3.9 Polearms
 + Level 3.9 Staves
 + Level 3.9 Slings
 + Level 3.9 Bows
 + Level 3.9 Crossbows
 + Level 3.9 Throwing
 + Level 3.9 Armour
 + Level 6.1 Dodging
 + Level 5.8 Stealth
 + Level 3.9 Shields
 + Level 3.9 Unarmed Combat
 + Level 8.2 Spellcasting
 + Level 3.9 Conjurations
 + Level 3.2 Hexes
 + Level 3.2 Charms
 + Level 3.9 Summonings
 + Level 3.2 Necromancy
 + Level 3.9 Translocations
 + Level 3.2 Transmutations
 + Level 3.2 Fire Magic
 + Level 3.2 Ice Magic
 + Level 3.2 Air Magic
 + Level 3.2 Earth Magic
 + Level 3.2 Poison Magic
 + Level 4.3 Invocations
 + Level 3.9 Evocations


You had 13 spell levels left.
You knew the following spells:

 Your Spells              Type           Power        Failure   Level  Hunger
a - Magic Dart            Conj           ####         1%          1    None
b - Call Imp              Summ           ####....     1%          2    None
c - Mephitic Cloud        Conj/Pois/Air  ####....     1%          3    None
d - Conjure Flame         Conj/Fire      ####....     1%          3    None
e - Blink                 Tloc           N/A          1%          2    None

Your spell library contained the following spells:

 Spells                   Type           Power        Failure   Level  Hunger
 Slow                     Hex            ###.....     1%          2    None


Dungeon Overview and Level Annotations

Branches:
Dungeon (7/15)             Temple (1/1) D:5

Altars:
Cheibriados
Dithmenos
Elyvilon
Fedhas
Gozag
Hepliaklqana
Makhleb
Nemelex Xobeh
Okawaru
Qazlal
Ru
Sif Muna
Trog
Uskayaw
Vehumet
Wu Jian
Yredelemnul
Zin
The Shining One

Shops:
D:4 (

Annotations:
D:4 1 exclusion


Innate Abilities, Weirdness & Mutations

Your experience applies equally to all skills.
You have very sharp teeth.
Your uncanny sense of smell can sniff out nearby items.


Message History

Press: ? - help, Shift-Dir - straight line, f/p - orc warrior
Aim: an orc warrior, wielding a +0 arbalest and wearing a +0 scale mail The ball explodes into a vile cloud!
The stinking cloud engulfs the orc warrior. x2
The stinking cloud engulfs your shadow imp.
Your shadow imp appears unharmed.
Your shadow imp is severely wounded.
You hear a shout!
Your shadow imp barely misses the orc warrior.
The orc warrior is engulfed in noxious fumes.
The orc warrior appears confused.
The orc warrior grins madly.
You are too injured to fight recklessly!
Unknown command.
Casting: Mephitic Cloud (safe; 1% risk of failure)
Confirm with . or Enter, or press ? or * to list all spells.
A beastly little devil appears in a puff of frigid air.
The orc warrior is engulfed in noxious fumes.
The orc warrior shoots a bolt.
The bolt hits you!!
You die...

#......≈≈#.#≈≈≈
#......≈##.##≈≈
#......≈..^..≈≈
#......≈##.∩#
#......≈≈#.#≈
#..((..≈≈≈≈≈≈
#...((.≈≈≈≈≈≈
#...5).≈≈≈≈≈≈
#..@.(.≈≈≈≈≈≈
#......≈≈≈≈≈≈
#.o5(..≈≈≈≈≈≈
#.§§o..≈≈≈≈≈≈
#..§§..≈≈≈≈≈≈
#......≈≈≈≈≈≈
#.5....≈≈≈≈≈≈
#......≈≈≈≈≈≈
#......≈≈≈≈≈≈


You could see 2 orc warriors, a friendly crimson imp, a friendly white imp and a
friendly shadow imp.

Vanquished Creatures
  Eustachio (D:6)
  Edmund (D:4)
  A phantom (D:6)
  A sky beast (D:6)
  3 orc warriors
  An ogre (D:6)
  3 bullfrogs
  A bullfrog zombie (D:6)
  A crimson imp (D:7)
  3 orc priests
  2 hounds
  A jelly (D:5)
  2 orc wizards
  A centaur skeleton (D:4)
  An iguana (D:5)
  A worker ant (D:4)
  A worker ant zombie (D:6)
  A gnoll (D:2)
  6 adders
  5 adder skeletons
  An adder zombie (D:6)
  4 dart slugs
  2 worms
  6 leopard geckos
  12 orcs
  9 giant cockroaches
  12 goblins
  5 hobgoblins
  5 jackals (D:1)
  2 kobolds
  2 quokkas
  3 ball pythons
  A bat (D:3)
  6 frilled lizards
  A leopard gecko skeleton (D:6)
  A rat (D:1)
109 creatures vanquished.

Vanquished Creatures (collateral kills)
  A black bear (D:5)
  2 ogres (D:5)
  A bullfrog (Sewer)
  A howler monkey (D:4)
  3 orc priests (D:4)
  An iguana (D:6)
  3 orc wizards
  3 gnolls (D:2)
  3 adders (D:5)
  An ooze (D:2)
  A worm (D:2)
  4 leopard geckos
  9 orcs
  A bat (D:1)
  3 giant cockroaches
  3 goblins
  3 jackals (D:2)
  A quokka (D:3)
  A ball python (Sewer)
  2 kobolds
  A quokka zombie (D:6)
  3 rats
51 creatures vanquished.

Grand Total: 160 creatures vanquished

Notes
Turn   | Place    | Note
-------+----------+-------------------------------------------
     0 | D:1      | Garbasso the Gnoll Wizard began the quest for the Orb.
     0 | D:1      | Reached XP level 1. HP: 13/13 MP: 8/8
   225 | D:1      | Reached XP level 2. HP: 13/19 MP: 2/10
   231 | D:1      | Learned a level 2 spell: Call Imp
   849 | D:2      | Reached XP level 3. HP: 25/25 MP: 3/11
   854 | D:2      | Learned a level 3 spell: Mephitic Cloud
   858 | D:2      | Learned a level 3 spell: Conjure Flame
   861 | D:2      | Learned a level 2 spell: Blink
  1094 | D:2      | Found a glowing golden altar of the Shining One.
  1107 | D:2      | Found a snail-covered altar of Cheibriados.
  1376 | D:2      | Reached skill level 1 in Invocations
  1531 | D:2      | Found a sacrificial altar of Ru.
  1537 | D:2      | Became a worshipper of Ru the Awakened
  1569 | D:2      | Reached skill level 1 in Fighting
  1569 | D:2      | Reached skill level 1 in Short Blades
  1569 | D:2      | Reached skill level 1 in Long Blades
  1569 | D:2      | Reached skill level 1 in Axes
  1569 | D:2      | Reached skill level 1 in Maces & Flails
  1569 | D:2      | Reached skill level 1 in Polearms
  1569 | D:2      | Reached skill level 1 in Staves
  1569 | D:2      | Reached skill level 1 in Slings
  1569 | D:2      | Reached skill level 1 in Bows
  1569 | D:2      | Reached skill level 1 in Crossbows
  1569 | D:2      | Reached skill level 1 in Throwing
  1569 | D:2      | Reached skill level 1 in Armour
  1569 | D:2      | Reached skill level 1 in Shields
  1569 | D:2      | Reached skill level 1 in Unarmed Combat
  1569 | D:2      | Reached skill level 1 in Evocations
  1589 | D:2      | Reached XP level 4. HP: 20/32 MP: 1/13
  1893 | D:3      | Found a shadowy altar of Dithmenos.
  2232 | D:3      | Noticed a bullfrog
  2247 | D:3      | Killed a bullfrog
  2247 | D:3      | Reached skill level 1 in Hexes
  2247 | D:3      | Reached skill level 1 in Charms
  2247 | D:3      | Reached skill level 1 in Necromancy
  2247 | D:3      | Reached skill level 1 in Transmutations
  2247 | D:3      | Reached skill level 1 in Fire Magic
  2247 | D:3      | Reached skill level 1 in Ice Magic
  2247 | D:3      | Reached skill level 1 in Air Magic
  2247 | D:3      | Reached skill level 1 in Earth Magic
  2247 | D:3      | Reached skill level 1 in Poison Magic
  2247 | D:3      | Reached XP level 5. HP: 21/37 MP: 14/14
  2732 | D:3      | Found an iron altar of Okawaru.
  3033 | D:4      | Found a sparkling altar of Nemelex Xobeh.
  3039 | D:4      | Got a twisted robe
  3050 | D:4      | Identified the +3 robe of Servitude {Str+3} (You found it
                  | on level 4 of the Dungeon)
  3063 | D:4      | Found Bairhe's Antique Weapon Emporium.
  3064 | D:4      | Noticed Edmund
  3108 | D:4      | Killed Edmund
  3108 | D:4      | Reached XP level 6. HP: 18/44 MP: 1/16
  3398 | D:4      | Noticed a moth of wrath
  3401 | D:4      | Found a bloodstained altar of Trog.
  3446 | D:4      | Found a radiant altar of Vehumet.
  3563 | D:4      | Reached skill level 5 in Dodging
  4002 | D:4      | Reached XP level 7. HP: 26/50 MP: 13/18
  4426 | D:5      | Entered Level 5 of the Dungeon
  4428 | D:5      | Found a burning altar of Makhleb.
  4488 | D:5      | Found a staircase to the Ecumenical Temple.
  4494 | Temple   | Entered the Ecumenical Temple
  4868 | D:5      | Found a glowing drain.
  4875 | Sewer    | Entered a sewer
  5373 | D:5      | Reached skill level 5 in Stealth
  5691 | D:5      | Reached XP level 8. HP: 54/57 MP: 15/19
  5754 | D:6      | Noticed Eustachio
  5864 | D:6      | Killed Eustachio
  6476 | D:6      | Reached skill level 8 in Spellcasting
  6884 | D:7      | Reached XP level 9. HP: 59/65 MP: 14/21
  6916 | D:7      | Found a flagged portal.
  6947 | Bailey   | Entered a bailey
  7121 | Bailey   | Shot with a bolt by an orc warrior

Vault maps used:
D:1:      sevenhm_arrival_forest_fort_small_3
D:2:      lemuel_round_altar, grunt_temple_overflow_open, first_ration
D:3:      grunt_dithmenos_smoke_and_mirrors, kennysheep_okawaru_gauntlet
D:4:      tgw_trog, nemelex_xobeh_ov_fountains_minmay, fiery_altar_vehumet,
          serial_shops, shop, uniq_edmund
D:5:      black_bear_nest_2, minmay_temple_entry_hall,
          cheibrodos_sewer_entry_bend, basic_altar
D:6:      uniq_eustachio
D:7:      kennysheep_mini_moat, nicolae_overflow_crystal_walls, enter_bailey_3,
          serial_shops, nicolae_shop_behind_doors, shop, the_bakery
Temple:   dpeg_chambers_temple
Sewer:    sewer_frog_island_01
Bailey:   bailey_polearm_2, bailey

Skill      XL: |  1  2  3  4  5  6  7  8 |
---------------+-------------------------+-----
Conjurations   | 2 3 |  3.9
Summonings     | 2 3 |  3.9
Translocations | 2 3 |  3.9
Invocations    | 1 2 3 4 |  4.3
Fighting       | 1 2 3 |  3.9
Short Blades   | 1 2 3 |  3.9
Long Blades    | 1 2 3 |  3.9
Axes           | 1 2 3 |  3.9
Maces & Flails | 1 2 3 |  3.9
Polearms       | 1 2 3 |  3.9
Staves         | 1 2 3 |  3.9
Slings         | 1 2 3 |  3.9
Bows           | 1 2 3 |  3.9
Crossbows      | 1 2 3 |  3.9
Throwing       | 1 2 3 |  3.9
Armour         | 1 2 3 |  3.9
Shields        | 1 2 3 |  3.9
Unarmed Combat | 1 2 3 |  3.9
Evocations     | 1 2 3 |  3.9
Hexes          | 1 2 3 |  3.2
Charms         | 1 2 3 |  3.2
Necromancy     | 1 2 3 |  3.2
Transmutations | 1 2 3 |  3.2
Fire Magic     | 1 2 3 |  3.2
Ice Magic      | 1 2 3 |  3.2
Air Magic      | 1 2 3 |  3.2
Earth Magic    | 1 2 3 |  3.2
Poison Magic   | 1 2 3 |  3.2
Dodging        | 5 6 |  6.1
Stealth        | 5 |  5.8
Spellcasting   | 8 |  8.2

Action                   |  1- 3 |  4- 6 |  7- 9 || total
-------------------------+-------+-------+-------++-------
Melee: Unarmed           |     6 |       |       ||     6
       Short sword       |    28 |       |       ||    28
       Bite              |     2 |     8 |    20 ||    30
       Spear             |       |   101 |    53 ||   154
       Punch             |       |     1 |     1 ||     2
       Morningstar       |       |       |   138 ||   138
 Cast: Magic Dart        |    55 |    16 |    39 ||   110
       Call Imp          |    15 |    19 |    47 ||    81
       Blink             |     2 |       |       ||     2
       Conjure Flame     |     1 |     5 |     3 ||     9
       Mephitic Cloud    |     1 |     5 |    17 ||    23
Evoke: Wand              |       |     2 |       ||     2
  Use: Scroll            |       |     3 |     5 ||     8
 Stab: Sleeping          |       |     6 |     4 ||    10
       Distracted        |       |     1 |       ||     1
       Confused          |       |     1 |     3 ||     4
  Eat: Chunk             |     1 |     8 |    18 ||    27
Armor: Robe              |     4 |    10 |    98 ||   112
Dodge: Dodged            |    33 |    45 |   252 ||   330

Table legend:
 A = Non-vault XP
 B = Vault XP
 C = Vault XP percentage of total XP
 D = Non-vault monster count
 E = Vault monster count
 F = Vault count percentage of total count
                 A         B        C        D         E       F
            +---------+---------+-------+---------+---------+-------
      Total |    1914 |     796 |  29.4 |     127 |      33 |  20.6
            +---------+---------+-------+---------+---------+-------
        D:1 |      26 |       0 |   0.0 |      16 |       0 |   0.0
        D:2 |      80 |       0 |   0.0 |      23 |       0 |   0.0
        D:3 |     118 |       3 |   2.5 |      13 |       2 |  13.3
        D:4 |     289 |     135 |  31.8 |      19 |       1 |   5.0
        D:5 |     356 |      88 |  19.8 |      21 |       2 |   8.7
        D:6 |     899 |     158 |  14.9 |      26 |       1 |   3.7
        D:7 |     146 |       7 |   4.6 |       9 |       4 |  30.8
      Sewer |       0 |     129 | 100.0 |       0 |      19 | 100.0
     Bailey |       0 |     276 | 100.0 |       0 |       4 | 100.0
            +---------+---------+-------+---------+---------+-------
